Map: New Repugnancy LE

Players

SouLeer

  • Race: Zerg Zerg
  • Spawn Location: 7:00

Sakura - Winner!

  • Race: Protoss Protoss
  • Spawn Location: 1:00

Event: 2019 WCS Summer

VOD

Have the link to the VOD?

Description

Time

  • Played on: July 12, 2019, 11:03 a.m.
  • Length: 7:28

All games in this series

Show
View Real Time Build Order
Export as new Build Order

SouLeer Zerg 

Build Orders: Hatch First 

Get SALT Encoding   

  12  0:00  Drone  
  13  0:13  Overlord  
  13  0:17  Drone  
  14  0:31  Drone x2  
  16  0:48  Hatchery  
  15  0:56  Drone x2  
  17  0:59  Drone  
  18  1:10  Extractor  
  17  1:14  Spawning Pool  
  17  1:17  Drone  
  17  1:20  Drone  
  18  1:29  Drone  
  19  1:40  Drone  
  20  1:51  Overlord  
  20  2:00  Queen x2  
  24  2:01  Zergling x2  
  24  2:03  Zergling x2  
  26  2:09  Metabolic Boost  
  26  2:12  Drone  
  26  2:15  Drone  
  28  2:22  Drone  
  29  2:27  Drone  
  30  2:39  Hatchery  
  30  2:41  Drone  
  30  2:45  Drone  
  30  2:47  Overlord  
  30  2:49  Drone  
  32  2:56  Queen  
  32  2:58  Drone  
  35  3:02  Drone  
  35  3:05  Drone  
  37  3:10  Drone x2  
  37  3:11  Drone  
  40  3:14  Spore Crawler  
  40  3:16  Drone  
  40  3:19  Drone  
  41  3:24  Overlord  
  41  3:27  Drone  
  41  3:31  Drone  
  41  3:32  Lair  
  43  3:38  Drone, Extractor  
  43  3:42  Queen  
  43  3:44  Overlord  
  43  3:47  Drone  
  46  3:49  Drone x2  
  46  3:51  Drone  
  46  3:54  Overlord  
  47  4:00  Roach Warren  
  46  4:02  Overlord  
  46  4:07  Zergling x4  
  48  4:10  Zergling x4  
  48  4:12  Zergling x2  
  51  4:20  Zergling x8  
  55  4:25  Overlord  
  55  4:30  Overseer  
  55  4:31  Overlord  
  55  4:36  Queen  
  55  4:38  Drone x4  
  61  4:46  Drone x4  
  61  4:47  Extractor  
  64  4:57  Overlord  
  64  5:00  Roach x2  
  67  5:07  Overlord  
  67  5:11  Roach x4  
  75  5:17  Roach x2  
  75  5:18  Roach  
  75  5:21  Roach  
  83  5:24  Roach  
  84  5:29  Roach x2  
  84  5:33  Roach x2  
  84  5:35  Roach  
  93  5:39  Ravager x2  
  93  5:41  Zergling x10  
  100  5:43  Overlord  
  100  5:46  Roach  
  102  5:53  Overlord  
  102  5:58  Roach  
  102  5:59  Evolution Chamber, Ravager x2  
  102  6:01  Overlord  
  102  6:04  Roach x2  
  109  6:07  Overlord  
  109  6:10  Overlord  
  103  6:16  Zergling x10  
  107  6:22  Zergling x8  
  107  6:24  Zergling x2  
  107  6:25  Zergling x2  
  100  6:27  Roach  
  102  6:34  Roach x3  
  102  6:38  Roach x2  
  97  6:41  Zergling x4  
  97  6:43  Zergling x2  
  97  6:45  Zergling x2  
  97  6:46  Zergling x2  
  87  6:50  Zergling x4  
  84  6:55  Zergling x2  
  84  6:58  Zergling x6  
  80  7:03  Roach x2  
  77  7:09  Ravager x4  
Show
View Real Time Build Order
Export as new Build Order

Sakura Protoss - Winner!

Build Orders: 1 Gate Expand 

Get SALT Encoding   

  12  0:00  Probe  
  13  0:12  Probe  
  14  0:17  Pylon  
  14  0:24  Probe  
  15  0:33  Probe  
  15  0:38  Gateway  
  15  0:41  Probe  
  16  0:48  Assimilator  
  17  0:51  Probe  
  18  1:03  Probe  
  19  1:15  Probe  
  20  1:24  Nexus  
  20  1:28  Probe  
  21  1:38  Cybernetics Core  
  21  1:43  Assimilator  
  21  1:46  Probe  
  22  1:51  Pylon  
  22  1:58  Probe  
  23  2:04  Adept  
  23  2:10  Probe  
  23  2:15  Warp Gate  
  26  2:19  Robotics Facility  
  26  2:22  Probe  
  27  2:32  Probe  
  27  2:34  Stalker, Probe  
  30  2:40  Probe  
  30  2:42  Probe  
  31  2:49  Probe  
  33  2:52  Probe  
  35  2:59  Warp Prism  
  35  3:01  Probe  
  35  3:04  Probe, Sentry  
  41  3:13  Probe  
  41  3:16  Gateway  
  43  3:20  Probe  
  43  3:25  Probe  
  44  3:27  Pylon  
  44  3:29  Pylon  
  44  3:32  Probe  
  45  3:37  Probe, Immortal  
  50  3:56  Probe x2  
  50  3:58  Assimilator, Pylon  
  52  4:04  Adept  
  52  4:07  Immortal  
  54  4:15  Probe  
  59  4:19  Sentry  
  61  4:26  Gateway x2  
  61  4:30  Sentry  
  63  4:33  Gateway  
  63  4:35  Gateway, Pylon  
  63  4:37  Immortal  
  63  4:49  Sentry  
  63  4:52  Pylon  
  69  4:55  Gateway  
  69  5:01  Gateway  
  69  5:06  Sentry  
  71  5:12  Pylon x2  
  71  5:18  Sentry  
  73  5:28  Adept  
  73  5:31  Pylon  
  75  5:44  Stalker x5  
  85  5:58  Stalker x3  
  85  6:02  Pylon  
  91  6:10  Stalker x2  
  95  6:11  Zealot x3  
  95  6:17  Stalker  
  103  6:23  Stalker  
  103  6:24  Stalker  
  103  6:39  Stalker x2  
  103  6:40  Zealot x3  
  101  6:50  Stalker x2  
  103  6:57  Stalker  
  99  7:04  Stalker  
  99  7:07  Stalker  
  99  7:08  Zealot x2  
  103  7:18  Zealot  
  103  7:19  Zealot x2  
Tags
 
Add a new tag
Caveats
  • Supply blocks, unpowered buildings, or Contaminate may cause inaccurate times.
  • Supply counts are checked every 10 seconds.